[Event "Titled Tuesday Blitz July 18 Late 2023"]
[White "Kuchava, Ana"]
[Black "Reprintsev, Alexander"]
[WhiteFideId "13605348"]
[BlackFideId "14100541"]
[WhiteElo "2240"]
[BlackElo "2441"]
[Result "0-1"]
[Round "4"]
[TimeControl "180+2"]
[Date "2023.07.18"]
[WhiteClock "0:00:01"]
[BlackClock "0:00:06"]
[Board "144"]

1. d4 d5 2. Nf3 Nc6 3. c4 e5 4. dxe5 d4 5. a3 g6 6. Nbd2 Bg7 7. Nb3 Nxe5 8. Nbxd4 Nxf3+ 9. Nxf3 Qxd1+ 10. Kxd1 Nf6 11. e3 Ne4 12. Ke1 Bd7 13. Bd3 Nc5 14. Bc2 O-O-O 15. Ke2 a5 16. Rb1 a4 17. Nd4 f5 18. Bd2 Rhe8 19. Bc3 f4 20. Rhe1 fxe3 21. fxe3 Bh6 22. Kf2 Rf8+ 23. Nf3 Be6 24. Bb4 b6 25. Bxc5 bxc5 26. Rbd1 Bxc4 27. Bxa4 Be6 28. Rxd8+ Rxd8 29. Rd1 Rf8 30. Bc6 Bg7 31. Rd2 g5 32. Kg1 g4 33. Nh4 Bf6 34. g3 Bxh4 35. gxh4 Rf6 36. Be4 Rh6 37. Rf2 Rxh4 38. Bc6 Kb8 39. a4 Ka7 40. a5 Rh6 41. Rf8 Bc8 42. Bd5 Bb7 43. e4 Bxd5 44. exd5 Rd6 45. Rf7 Rxd5 46. Rxc7+ Ka6 47. Rxh7 Kxa5 48. Kg2 Kb4 49. Kg3 Rd4 50. Rb7+ Kc4 51. Kh4 Kd3 52. h3 gxh3+ 53. Kxh3 Rb4 54. Rd7+ Kc2 55. Rc7 c4 56. Kg3 Kxb2 57. Kf3 c3 58. Ke2 c2 59. Kd2 Rd4+ 60. Ke3 Rd5 61. Rb7+ Ka3 62. Rc7 Kb3 63. Rb7+ Ka2 64. Rc7 Kb1 65. Rb7+ Kc1 66. Ke2 Rd6 67. Rb8 Re6+ 68. Kd3 Kd1 69. Rg8 c1=Q 70. Rg1+ Re1 0-1


[Site "https://www.chess.com"]

[Event "Titled Tuesday Blitz July 18 Late 2023"]
[White "Pein, Jonathan"]
[Black "SoyuzTM4"]
[WhiteFideId "417092"]
[WhiteElo "2439"]
[BlackElo "2240"]
[Result "1-0"]
[Round "4"]
[TimeControl "180+2"]
[Date "2023.07.18"]
[WhiteClock "0:01:04"]
[BlackClock "0:00:17"]
[Board "145"]

1. e4 c5 2. Nf3 e6 3. c3 d6 4. d4 cxd4 5. cxd4 Nf6 6. Nc3 Be7 7. Be2 O-O 8. O-O Nc6 9. h3 b6 10. Be3 Bb7 11. Rc1 Rc8 12. b3 d5 13. e5 Ne4 14. Bd3 Ba3 15. Nxe4 dxe4 16. Bxe4 Bxc1 17. Bxc1 Nxd4 18. Bxh7+ Kxh7 19. Ng5+ Kg8 20. Qh5 Nf3+ 21. gxf3 Qd3 22. Ba3 Rc5 23. Bxc5 bxc5 24. Rc1 Ba6 25. Ne4 c4 26. Kh2 cxb3 27. Nf6+ gxf6 28. Rg1+ 1-0


[Site "https://www.chess.com"]

[Event "Titled Tuesday Blitz July 18 Late 2023"]
[White "Castella Garcia, Fausto"]
[Black "Kalaiyalahan, Akshaya"]
[WhiteFideId "3501922"]
[BlackFideId "422894"]
[WhiteElo "2435"]
[BlackElo "2238"]
[Result "1-0"]
[Round "4"]
[TimeControl "180+2"]
[Date "2023.07.18"]
[WhiteClock "0:01:32"]
[BlackClock "0:00:15"]
[Board "146"]

1. e4 d5 2. exd5 Qxd5 3. Nc3 Qd6 4. d4 c6 5. Nf3 Bf5 6. Ne5 Nf6 7. Bf4 Qb4 8. Bc4 e6 9. O-O Qxb2 10. Qe1 Bb4 11. Bd2 Bxc3 12. Bxc3 Qb6 13. Ba5 Qxd4 14. Rd1 Qb2 15. Rd8+ Ke7 16. Rxh8 b6 17. Bc3 Qxc2 18. Rxb8 Rxb8 19. Nxc6+ Kf8 20. Nxb8 1-0


[Site "https://www.chess.com"]

[Event "Titled Tuesday Blitz July 18 Late 2023"]
[White "Sztokbant, Bernardo Vainzoff"]
[Black "Vila Dupla, Aurelio"]
[WhiteFideId "2115956"]
[BlackFideId "2203383"]
[WhiteElo "2433"]
[BlackElo "2224"]
[Result "1/2-1/2"]
[Round "4"]
[TimeControl "180+2"]
[Date "2023.07.18"]
[WhiteClock "0:01:17"]
[BlackClock "0:00:51"]
[Board "147"]

1. b3 d5 2. Bb2 Bf5 3. Nf3 e6 4. e3 Nf6 5. Be2 h6 6. O-O Bd6 7. d4 O-O 8. c4 c6 9. Nc3 a5 10. Bd3 Bxd3 11. Qxd3 Bb4 12. Ne2 Ne4 13. a3 Bd6 14. Nd2 f5 15. f3 Nxd2 16. Qxd2 Qc7 17. Nf4 Re8 18. g3 Nd7 19. Rac1 Nf6 20. Nd3 a4 21. b4 dxc4 22. Rxc4 Rad8 23. Qc2 Nd5 24. Re1 h5 25. b5 h4 26. f4 hxg3 27. hxg3 Nb6 28. Rc3 Nd5 29. Rc4 Nb6 30. Rc3 Nd5 31. Rc4 1/2-1/2


[Site "https://www.chess.com"]

[Event "Titled Tuesday Blitz July 18 Late 2023"]
[White "NLLO777"]
[Black "Novikova, Margarita"]
[BlackFideId "14109689"]
[WhiteElo "2433"]
[BlackElo "2196"]
[Result "1-0"]
[Round "4"]
[TimeControl "180+2"]
[Date "2023.07.18"]
[WhiteClock "0:00:13"]
[BlackClock "0:00:03"]
[Board "148"]

1. d4 g6 2. e4 Bg7 3. Nc3 d6 4. Bg5 c6 5. Qd2 h6 6. Be3 Nf6 7. f3 b5 8. a3 Bb7 9. d5 a6 10. dxc6 Nxc6 11. h4 Ne5 12. Nh3 Rc8 13. Nf4 Nc4 14. Bxc4 Rxc4 15. g4 Qa5 16. Kf2 Nd7 17. Nfe2 Ne5 18. h5 g5 19. Nd4 e6 20. Nce2 Qxd2 21. Bxd2 O-O 22. Bc3 Rc7 23. Rhd1 Rfc8 24. a4 bxa4 25. Rxa4 Nc4 26. Rda1 d5 27. exd5 exd5 28. Ng3 Nd6 29. Rb4 Bf8 30. Rb3 Nc4 31. Ngf5 Nd6 32. Rb6 Nxf5 33. Nxf5 Kh7 34. Ra4 Bc6 35. Raxa6 Bd7 36. Rxh6+ Bxh6 37. Rxh6+ Kg8 38. Rh8# 1-0


[Site "https://www.chess.com"]

[Event "Titled Tuesday Blitz July 18 Late 2023"]
[White "Disconzi da Silva, Rodrigo"]
[Black "Osmonbekov, Talaibek"]
[WhiteFideId "2100991"]
[BlackFideId "2017253"]
[WhiteElo "2431"]
[BlackElo "2181"]
[Result "1-0"]
[Round "4"]
[TimeControl "180+2"]
[Date "2023.07.18"]
[WhiteClock "0:00:26"]
[BlackClock "0:00:00"]
[Board "149"]

1. d4 e6 2. c4 f5 3. Nf3 Nf6 4. g3 Be7 5. Bg2 O-O 6. O-O d6 7. b3 a5 8. Ba3 Nc6 9. Nc3 Nb4 10. Ne1 e5 11. e3 c6 12. Nc2 Na6 13. Qd2 Qe8 14. f4 e4 15. d5 Qh5 16. h3 Qg6 17. Kh2 Nh5 18. Ne2 c5 19. Bb2 Nb4 20. a3 Nd3 21. Bc3 a4 22. b4 b6 23. Rg1 Bf6 24. Rab1 Ba6 25. b5 Bc8 26. Bxf6 Qxf6 27. Ne1 Nxe1 28. Qxe1 Bd7 29. Bf1 Qh6 30. Nc3 Kh8 31. Be2 Nf6 32. Qd1 Rg8 33. Nxa4 g5 34. Nxb6 Rxa3 35. Ra1 Rxe3 36. Ra7 gxf4 37. Nxd7 Nxd7 38. Rxd7 1-0


[Site "https://www.chess.com"]

[Event "Titled Tuesday Blitz July 18 Late 2023"]
[White "Mangialardo, Tiago Carvalho"]
[Black "Kovacsy, Barnabas"]
[WhiteFideId "2130718"]
[BlackFideId "769290"]
[WhiteElo "2151"]
[BlackElo "2431"]
[Result "0-1"]
[Round "4"]
[TimeControl "180+2"]
[Date "2023.07.18"]
[WhiteClock "0:00:00"]
[BlackClock "0:00:26"]
[Board "150"]

1. e4 c5 2. Nf3 e6 3. c3 d5 4. exd5 Qxd5 5. d4 Nf6 6. Na3 Nc6 7. Nb5 Qd8 8. Bf4 Nd5 9. Bg5 Be7 10. Bxe7 Qxe7 11. dxc5 O-O 12. Nd6 b6 13. Nxc8 Raxc8 14. cxb6 axb6 15. Ba6 Ra8 16. Bb5 Na7 17. Ba4 b5 18. Bc2 Rfd8 19. Qe2 b4 20. c4 Nf6 21. O-O Nc6 22. Rfd1 Rxd1+ 23. Qxd1 Qc5 24. Qe2 h6 25. Bb3 Na5 26. Qd1 Ne4 27. Bc2 Qxf2+ 28. Kh1 Nf6 29. Qd2 Qxd2 30. Nxd2 Rd8 31. Nf3 Nxc4 0-1


[Site "https://www.chess.com"]

[Event "Titled Tuesday Blitz July 18 Late 2023"]
[White "Tqebuchava, Zurab"]
[Black "Rios Escobar, Adan"]
[WhiteFideId "13601113"]
[BlackFideId "3403645"]
[WhiteElo "2120"]
[BlackElo "2429"]
[Result "0-1"]
[Round "4"]
[TimeControl "180+2"]
[Date "2023.07.18"]
[WhiteClock "0:00:00"]
[BlackClock "0:00:06"]
[Board "151"]

1. e4 c5 2. Nf3 d6 3. Bb5+ Nd7 4. O-O a6 5. Bxd7+ Bxd7 6. h3 e6 7. c3 Ne7 8. d4 Ng6 9. dxc5 dxc5 10. Be3 Bc6 11. Qxd8+ Rxd8 12. Nbd2 Be7 13. Rfe1 O-O 14. g3 b5 15. h4 Rfe8 16. h5 Nf8 17. h6 Ng6 18. hxg7 Kxg7 19. Rad1 h5 20. Bg5 Bxg5 21. Nxg5 h4 22. Ngf3 hxg3 23. fxg3 Rd3 24. Kf2 Red8 25. Re3 R3d7 26. Re2 a5 27. Rh1 a4 28. Ke1 f5 29. Ng5 Kf6 30. Nh7+ Kg7 31. Ng5 Kf6 32. Ngf3 fxe4 33. Nh4 Ne5 34. Rf1+ Ke7 35. Nxe4 Nd3+ 36. Kd2 Nf2+ 37. Ke3 Nxe4 38. Ng6+ Kd6 0-1


[Site "https://www.chess.com"]

[Event "Titled Tuesday Blitz July 18 Late 2023"]
[White "gordonzyxu"]
[Black "Arnold, Ken"]
[BlackFideId "2056836"]
[WhiteElo "2083"]
[BlackElo "2425"]
[Result "0-1"]
[Round "4"]
[TimeControl "180+2"]
[Date "2023.07.18"]
[WhiteClock "0:00:00"]
[BlackClock "0:00:33"]
[Board "152"]

1. e4 c6 2. d4 d5 3. e5 Bf5 4. h4 h5 5. Bg5 Qb6 6. Bd3 Bxd3 7. Qxd3 e6 8. Nf3 c5 9. Nbd2 cxd4 10. Nxd4 Nc6 11. Nxc6 bxc6 12. O-O Ne7 13. c4 Nf5 14. cxd5 cxd5 15. Rac1 Bb4 16. Nb3 O-O 17. Rfd1 Rfc8 18. Nd4 Nxd4 19. Rxc8+ Rxc8 20. Qxd4 Qxd4 21. Rxd4 Ba5 22. Rd3 Rc2 23. Rb3 Bb6 24. Be3 d4 25. Bf4 d3 26. Rxd3 Rxf2 27. Be3 Rxb2 28. Bxb6 axb6 29. Rd6 b5 30. Rb6 b4 31. Kh2 Kh7 32. Kg3 Kg6 33. Rb7 Rxa2 34. Rxb4 Re2 35. Rb5 Re4 36. Kh3 Rf4 37. g3 Rf5 38. g4 hxg4+ 39. Kxg4 f6 40. Rb6 Rxe5 41. h5+ Rxh5 42. Rxe6 Ra5 43. Rb6 Ra4+ 44. Kg3 Kg5 45. Rb5+ f5 46. Rb7 g6 47. Rb3 Rg4+ 48. Kf3 Rh4 49. Rb2 Rh3+ 50. Kg2 Ra3 51. Rb4 f4 52. Rb5+ Kg4 53. Rb4 g5 54. Rb2 Rg3+ 55. Kh2 Rh3+ 56. Kg2 f3+ 57. Kg1 Kg3 0-1


[Site "https://www.chess.com"]

[Event "Titled Tuesday Blitz July 18 Late 2023"]
[White "Uzcategui Rodriguez, Alejandro"]
[Black "Vanek, Tomas"]
[WhiteFideId "3903400"]
[BlackFideId "313459"]
[WhiteElo "2418"]
[BlackElo "2165"]
[Result "1-0"]
[Round "4"]
[TimeControl "180+2"]
[Date "2023.07.18"]
[WhiteClock "0:00:28"]
[BlackClock "0:00:10"]
[Board "153"]

1. b3 e5 2. Bb2 f6 3. d4 d6 4. e4 Nc6 5. Nf3 Bg4 6. dxe5 dxe5 7. Qxd8+ Rxd8 8. Bb5 Ne7 9. a3 a6 10. Be2 Ng6 11. g3 Bh3 12. Nbd2 Bc5 13. b4 Ba7 14. Bf1 Bxf1 15. Rxf1 Nd4 16. Nxd4 Bxd4 17. Bxd4 Rxd4 18. Ke2 Ke7 19. c3 Rd7 20. Nc4 Rhd8 21. Rad1 b6 22. Ne3 c6 23. Rxd7+ Rxd7 24. Nf5+ Kf7 25. Rd1 Rxd1 26. Kxd1 Ne7 27. Nd6+ Ke6 28. Nc4 b5 29. Ne3 g6 30. Kd2 Nc8 31. c4 Nb6 32. Kc3 f5 33. f3 fxe4 34. fxe4 h5 35. c5 Nc8 36. Kd3 Ne7 37. Ng2 Ng8 38. Nh4 Ne7 39. Nf3 Kf6 40. h4 Ng8 41. Ng5 Nh6 42. Ke3 Ng4+ 43. Kf3 Nh2+ 44. Kg2 Ng4 45. Nh7+ Ke6 46. Nf8+ Kf7 47. Nd7 Ke6 48. Nb8 Ne3+ 49. Kf3 Nc2 50. Nxc6 Nxa3 51. Nb8 Nc2 52. Nxa6 Kd7 53. Ke2 Kc8 54. c6 Nd4+ 55. Kd3 Nxc6 56. Kc3 Kd7 57. Nc5+ Kd6 58. Nd3 Nd4 59. Nf4 Ne2+ 60. Nxe2 Ke6 61. Kd3 Kf6 62. Nc3 g5 63. Nxb5 gxh4 64. gxh4 Ke6 65. Nc3 Kd7 66. Nd5 Kd6 67. Kc4 Kc6 68. b5+ Kb7 69. Kc5 Kc8 70. Kd6 Kb7 71. Kxe5 Kb8 72. Kf5 Kb7 73. Kg5 Kb8 74. Kxh5 Kb7 75. Kg6 Kb8 76. Kg7 Kb7 77. h5 Kb8 78. h6 Kb7 79. h7 Kb8 80. e5 Kb7 81. e6 Kb8 82. Kf7 Kb7 83. Ke7 Kb8 84. Kd7 Kb7 85. Kd6 Ka7 86. Kc6 Ka8 87. Kb6 Kb8 88. e7 Kc8 89. e8=Q# 1-0


[Site "https://www.chess.com"]

[Event "Titled Tuesday Blitz July 18 Late 2023"]
[White "Joubert, Dantelle"]
[Black "Gatterer, Florian"]
[WhiteFideId "14310813"]
[BlackFideId "811688"]
[WhiteElo "2068"]
[BlackElo "2417"]
[Result "0-1"]
[Round "4"]
[TimeControl "180+2"]
[Date "2023.07.18"]
[WhiteClock "0:00:46"]
[BlackClock "0:01:25"]
[Board "154"]

1. e4 c5 2. c3 d5 3. exd5 Qxd5 4. d4 Nf6 5. Nf3 e6 6. Bb5+ Bd7 7. Bxd7+ Nbxd7 8. O-O Be7 9. dxc5 Nxc5 10. Bg5 Rd8 11. Na3 a6 12. Qe2 O-O 13. Rfd1 Qf5 14. Be3 h6 15. Nd4 Qe4 16. h3 Nd5 17. Bc1 Qxe2 18. Nxe2 Na4 19. Bd2 Nxb2 0-1


[Site "https://www.chess.com"]

[Event "Titled Tuesday Blitz July 18 Late 2023"]
[White "Floresvillar Gonzalez, Luis Migu"]
[Black "Mazurkiewicz, Michal"]
[WhiteFideId "5100542"]
[BlackFideId "1124943"]
[WhiteElo "2082"]
[BlackElo "2413"]
[Result "0-1"]
[Round "4"]
[TimeControl "180+2"]
[Date "2023.07.18"]
[WhiteClock "0:00:10"]
[BlackClock "0:00:23"]
[Board "155"]

1. e4 d6 2. Nf3 Nf6 3. Nc3 c6 4. Bc4 b5 5. Bd3 e5 6. a3 Be7 7. b4 O-O 8. Bb2 a5 9. bxa5 Rxa5 10. O-O Nbd7 11. h3 Nc5 12. Be2 Nfxe4 13. Nxe4 Nxe4 14. d4 exd4 15. Nxd4 Bd7 16. Bf3 d5 17. Re1 Nd6 18. Bc3 Ra4 19. Bb4 Re8 20. c3 Nc4 21. Bxe7 Rxe7 22. Rxe7 Qxe7 23. Nc2 Nxa3 24. Nxa3 Rxa3 25. Rxa3 Qxa3 26. Qe1 Kf8 27. Kh2 Qd6+ 28. g3 f6 29. h4 Qe5 30. Qd2 Be6 31. h5 h6 32. Kg2 c5 33. Qd3 c4 34. Qb1 Qxc3 35. Qxb5 Qe5 36. Qc5+ Kf7 37. Qa7+ Kg8 38. Qa8+ Kh7 39. Qa5 d4 40. Qb4 Bd5 41. Qb1+ f5 42. Bxd5 Qxd5+ 43. Kh2 d3 44. Qb6 Qf7 45. Qd6 Qxh5+ 46. Kg2 Qe8 47. Qd4 Qe4+ 0-1


[Site "https://www.chess.com"]

[Event "Titled Tuesday Blitz July 18 Late 2023"]
[White "Curtis, John"]
[Black "Zenin, Dmitry"]
[WhiteFideId "3200256"]
[BlackFideId "4127897"]
[WhiteElo "2049"]
[BlackElo "2411"]
[Result "0-1"]
[Round "4"]
[TimeControl "180+2"]
[Date "2023.07.18"]
[WhiteClock "0:00:00"]
[BlackClock "0:01:13"]
[Board "156"]

1. d4 Nf6 2. c4 g6 3. Nc3 Bg7 4. e4 d6 5. f3 O-O 6. Be3 Nbd7 7. Qd2 c5 8. Nge2 Qa5 9. Nd5 Qxd2+ 10. Kxd2 Nxd5 11. cxd5 b6 12. Rb1 Ba6 13. dxc5 bxc5 14. Nc3 Bxf1 15. Rhxf1 Rfb8 16. b3 a5 17. Na4 Nb6 18. Nxb6 Rxb6 19. a4 Rab8 20. Kc2 e6 21. dxe6 fxe6 22. Bd2 Ra6 23. Bf4 Kf7 24. Rfd1 Ke7 25. Bg5+ Bf6 26. Bxf6+ Kxf6 27. Rd3 Rb4 28. Rbd1 Ke5 29. g3 g5 30. f4+ gxf4 31. gxf4+ Kxf4 32. Rxd6 Rxd6 33. Rxd6 Rxe4 34. Rc6 Re5 35. Ra6 Ke3 36. Rxa5 Kd4 37. Ra7 Re2+ 38. Kb1 Kc3 0-1


[Site "https://www.chess.com"]

[Event "Titled Tuesday Blitz July 18 Late 2023"]
[White "Rosenberg, Evan S"]
[Black "Baches Garcia, Guillermo"]
[WhiteFideId "2019299"]
[BlackFideId "2209764"]
[WhiteElo "2407"]
[BlackElo "2411"]
[Result "1/2-1/2"]
[Round "4"]
[TimeControl "180+2"]
[Date "2023.07.18"]
[WhiteClock "0:02:43"]
[BlackClock "0:02:48"]
[Board "157"]

1. d4 d5 2. Nf3 e6 3. Bg5 Be7 4. Bxe7 Qxe7 5. c3 Nf6 6. Nbd2 Nbd7 7. e3 e5 8. dxe5 Nxe5 9. Nxe5 Qxe5 10. Bd3 O-O 11. Qc2 c5 1/2-1/2


[Site "https://www.chess.com"]

[Event "Titled Tuesday Blitz July 18 Late 2023"]
[White "Navyblue1"]
[Black "Piekarski, Atila Balzer"]
[BlackFideId "2119552"]
[WhiteElo "1859"]
[BlackElo "2062"]
[Result "0-1"]
[Round "4"]
[TimeControl "180+2"]
[Date "2023.07.18"]
[WhiteClock "0:00:28"]
[BlackClock "0:02:19"]
[Board "158"]

1. d4 Nf6 2. c4 g6 3. Nc3 Bg7 4. e4 d6 5. h3 O-O 6. Be3 e5 7. d5 a5 8. g4 Na6 9. Nge2 Nd7 10. Ng3 Nac5 11. Bg2 a4 12. Qe2 Qh4 13. f3 Qxg3+ 0-1


[Site "https://www.chess.com"]

[Event "Titled Tuesday Blitz July 18 Late 2023"]
[White "Velasco, Santiago"]
[Black "Burke, Paul"]
[WhiteFideId "4401328"]
[BlackFideId "2605767"]
[WhiteElo "2568"]
[BlackElo "1992"]
[Result "1-0"]
[Round "4"]
[TimeControl "180+2"]
[Date "2023.07.18"]
[WhiteClock "0:01:47"]
[BlackClock "0:00:11"]
[Board "159"]

1. d4 a6 2. e4 d6 3. Bd3 g6 4. Ne2 h6 5. h4 Bg7 6. Be3 Nd7 7. f3 e5 8. c3 Ne7 9. Nd2 f5 10. h5 f4 11. Bxf4 exf4 12. Nxf4 Nf6 13. hxg6 O-O 14. Qb3+ d5 15. O-O-O c6 16. e5 Ne8 17. Nh5 Bf5 18. Qc2 Qd7 19. g4 Bxd3 20. Qxd3 Qe6 21. f4 Qxg6 22. f5 Qh7 23. Qg3 Nxf5 24. gxf5 Qxf5 25. Rdg1 Rf7 26. Rf1 Qg5 27. Qh3 Re7 28. Rhg1 1-0


[Site "https://www.chess.com"]

[Event "Titled Tuesday Blitz July 18 Late 2023"]
[White "Herbst, Richard"]
[Black "Rottenwohrer Suarez, Juan"]
[WhiteFideId "2041251"]
[BlackFideId "32068182"]
[WhiteElo "2317"]
[BlackElo "2521"]
[Result "1-0"]
[Round "4"]
[TimeControl "180+2"]
[Date "2023.07.18"]
[WhiteClock "0:01:27"]
[BlackClock "0:00:00"]
[Board "160"]

1. e4 e6 2. d4 d5 3. e5 c5 4. c3 Ne7 5. Na3 Nf5 6. Nc2 Nc6 7. Nf3 cxd4 8. cxd4 Qb6 9. Be2 Bd7 10. O-O Rc8 11. Re1 Nb4 12. Nxb4 Bxb4 13. Rf1 Bb5 14. a3 Be7 15. Re1 Bxe2 16. Rxe2 Rc4 17. Be3 O-O 18. Rc1 Rfc8 19. Rxc4 Rc5 20. dxc5 Qc6 21. Rc1 a5 22. Nd4 Nxd4 23. Bxd4 Bd8 24. Re3 Bg5 25. Rg3 Bxc1 26. Qxc1 Qa4 27. h4 Qxd4 28. c6 bxc6 29. Qxc6 h6 30. Qe8+ Kh7 31. Qxf7 Qxe5 32. h5 Qxb2 33. Qg6+ Kh8 34. Qxe6 Qd4 35. Qe8+ Kh7 36. Qg6+ Kh8 37. Re3 1-0


[Site "https://www.chess.com"]

[Event "Titled Tuesday Blitz July 18 Late 2023"]
[White "Liu, Casper"]
[Black "Lopez Idarraga, Daniel Eduardo"]
[WhiteFideId "1454153"]
[BlackFideId "4405501"]
[WhiteElo "2457"]
[BlackElo "2305"]
[Result "0-1"]
[Round "4"]
[TimeControl "180+2"]
[Date "2023.07.18"]
[WhiteClock "0:00:55"]
[BlackClock "0:01:07"]
[Board "161"]

1. e4 c6 2. d4 d5 3. e5 Bf5 4. Nh3 e6 5. Nf4 h6 6. Bd3 Bxd3 7. Qxd3 c5 8. c3 Qb6 9. Na3 cxd4 10. Nb5 dxc3 11. Be3 cxb2 12. Rb1 Qd8 13. Rxb2 Nc6 14. O-O Nxe5 15. Qc3 Nc4 16. Re2 Nf6 17. Bxa7 Be7 18. Qd4 O-O 19. Bb6 Qxb6 20. Nxe6 0-1


[Site "https://www.chess.com"]

[Event "Titled Tuesday Blitz July 18 Late 2023"]
[White "Ai, Evan"]
[Black "Barwinska, Ewa"]
[WhiteFideId "2094770"]
[BlackFideId "21833761"]
[WhiteElo "2420"]
[BlackElo "2300"]
[Result "1-0"]
[Round "4"]
[TimeControl "180+2"]
[Date "2023.07.18"]
[WhiteClock "0:01:28"]
[BlackClock "0:00:09"]
[Board "162"]

1. d4 d5 2. c4 c6 3. cxd5 cxd5 4. Nc3 Nf6 5. Bf4 e6 6. e3 Bd7 7. Nf3 Bb4 8. Bd3 O-O 9. O-O Nc6 10. Qb3 b6 11. a3 Be7 12. Rac1 Nh5 13. Bg3 Nxg3 14. hxg3 Na5 15. Qc2 h6 16. Ne5 Rc8 17. b4 Nc6 18. Nxd7 Qxd7 19. Qa4 Rfd8 20. Bb5 Qd6 21. Nxd5 exd5 22. Bxc6 Rc7 23. Bb5 Rdc8 24. Rxc7 Rxc7 25. Qb3 Bg5 26. Qb2 Qf8 27. Rc1 Qc8 28. Rxc7 Qxc7 29. Bd3 g6 30. Qc2 Qxc2 31. Bxc2 Kf8 32. Bb3 Ke7 33. Bxd5 Bf6 34. Kf1 Bg7 35. Ke2 f6 36. Kd3 Kd6 37. e4 g5 38. f4 Bf8 39. Bc4 Be7 40. e5+ Kd7 41. d5 Bd8 42. Bb5+ Ke7 43. d6+ Ke6 44. Ke4 h5 45. f5+ Kf7 46. e6+ Kf8 47. e7+ Bxe7 48. dxe7+ Kxe7 49. Kd5 1-0


[Site "https://www.chess.com"]

[Event "Titled Tuesday Blitz July 18 Late 2023"]
[White "KorolDimitriy75"]
[Black "Izuzquiza Gonzalez, Javier"]
[BlackFideId "3101029"]
[WhiteElo "2409"]
[BlackElo "2253"]
[Result "1-0"]
[Round "4"]
[TimeControl "180+2"]
[Date "2023.07.18"]
[WhiteClock "0:00:14"]
[BlackClock "0:01:22"]
[Board "163"]

1. d4 Nf6 2. c4 g6 3. Nc3 d5 4. cxd5 Nxd5 5. e4 Nxc3 6. bxc3 Bg7 7. Nf3 c5 8. Rb1 O-O 9. Be2 cxd4 10. cxd4 Qa5+ 11. Qd2 Qxd2+ 12. Bxd2 Nc6 13. d5 Ne5 14. Nxe5 Bxe5 15. f4 Bd4 16. Bb4 Bd7 17. Bxe7 Rfe8 18. d6 Bc6 19. Bf3 Be3 20. g3 Bb6 21. Ke2 f6 22. e5 fxe5 23. fxe5 Bxf3+ 24. Kxf3 Kf7 25. Ke4 Ke6 26. Rhf1 Bd8 27. Rf6+ Kd7 28. e6+ Kc6 29. Rc1+ Kb6 30. Bxd8+ Raxd8 31. Kd5 a5 32. d7 Re7 33. Kd6 1-0


[Site "https://www.chess.com"]

[Event "Titled Tuesday Blitz July 18 Late 2023"]
[White "Mikhalsky, Vladimir"]
[Black "Ricaurte Lopez, Juan Carlos"]
[WhiteFideId "14144352"]
[BlackFideId "3600327"]
[WhiteElo "2405"]
[BlackElo "2140"]
[Result "1-0"]
[Round "4"]
[TimeControl "180+2"]
[Date "2023.07.18"]
[WhiteClock "0:00:22"]
[BlackClock "0:00:00"]
[Board "164"]

1. d4 Nf6 2. c4 e6 3. Nf3 b6 4. g3 Bb7 5. Bg2 Bb4+ 6. Bd2 Be7 7. O-O O-O 8. b4 c5 9. dxc5 bxc5 10. b5 d5 11. a4 d4 12. e3 a6 13. Na3 Ne4 14. Ne5 Bf6 15. Ng4 Be7 16. exd4 cxd4 17. Re1 f5 18. Ne5 Bxa3 19. Rxa3 Qd6 20. Ra1 Qxe5 21. f3 Nd7 22. fxe4 fxe4 23. Bf4 Rxf4 24. gxf4 Qxf4 25. Qxd4 Nf6 26. Rf1 Qg5 27. Qb6 Bc8 28. Rad1 Bd7 29. Rxd7 Nxd7 30. Qxe6+ Kh8 31. Qxd7 h6 32. Qd5 Qe3+ 33. Kh1 Rc8 34. Qxe4 Qxe4 35. Bxe4 1-0


[Site "https://www.chess.com"]

[Event "Titled Tuesday Blitz July 18 Late 2023"]
[White "Cardenas Carbajal, Nilson"]
[Black "Troff, Kayden"]
[WhiteFideId "8401128"]
[BlackFideId "2047896"]
[WhiteElo "2173"]
[BlackElo "2781"]
[Result "1-0"]
[Round "4"]
[TimeControl "180+2"]
[Date "2023.07.18"]
[WhiteClock "0:00:50"]
[BlackClock "0:00:24"]
[Board "165"]

1. e4 c5 2. d4 cxd4 3. c3 d3 4. Bxd3 g6 5. Nf3 Nc6 6. O-O d6 7. h3 Bg7 8. a4 Nf6 9. Na3 O-O 10. Qe2 Nd7 11. Bg5 Nc5 12. Bc2 Be6 13. Rfd1 Rc8 14. Nb5 a6 15. Nbd4 Nxd4 16. Nxd4 Re8 17. a5 Qc7 18. b4 Nd7 19. Nxe6 fxe6 20. Qg4 Nf8 21. Bb3 Qxc3 22. Bxe6+ Nxe6 23. Qxe6+ Kh8 24. Rac1 Qe5 25. Rxc8 Qxe6 26. Rxe8+ Bf8 27. Bh6 1-0


[Site "https://www.chess.com"]

[Event "Titled Tuesday Blitz July 18 Late 2023"]
[White "Zampronha, Wladimir Camilo"]
[Black "Ismayil, Malak"]
[WhiteFideId "2103087"]
[BlackFideId "13412604"]
[WhiteElo "2263"]
[BlackElo "2501"]
[Result "0-1"]
[Round "4"]
[TimeControl "180+2"]
[Date "2023.07.18"]
[WhiteClock "0:00:00"]
[BlackClock "0:01:06"]
[Board "167"]

1. e4 e5 2. Nf3 Nc6 3. d4 exd4 4. Nxd4 Bc5 5. Be3 Qf6 6. c3 Nge7 7. Bc4 b6 8. O-O O-O 9. Na3 Bb7 10. Nab5 d5 11. exd5 Nxd4 12. cxd4 Bd6 13. Nxd6 cxd6 14. Qb3 Qf5 15. Rac1 Nxd5 16. Qd3 Qg4 17. f3 Qh5 18. Bxd5 Bxd5 19. b3 Rae8 20. Bf4 Re6 21. Rfe1 Rg6 22. Bg3 Qg5 23. Rc7 h5 24. Qe3 Qf5 25. Kh1 a5 26. Re7 Kh7 27. Qf4 Qxf4 28. Bxf4 Rc8 29. Rd7 Rc2 30. Rxd6 Rxd6 31. Bxd6 Rxa2 32. h3 Bxb3 33. Bc7 b5 34. Rb1 Bc4 35. d5 a4 36. d6 Rd2 37. Re1 a3 38. Ra1 a2 39. d7 Rxd7 40. Be5 Rd5 41. Bb2 Rd2 42. Bc3 Rc2 43. Rc1 Rxc1+ 0-1


[Site "https://www.chess.com"]

[Event "Titled Tuesday Blitz July 18 Late 2023"]
[White "Melnichuk, Mikhail"]
[Black "Cardozo Munar, Carlos Eduardo"]
[WhiteFideId "14117533"]
[BlackFideId "4409477"]
[WhiteElo "2459"]
[BlackElo "2238"]
[Result "1-0"]
[Round "4"]
[TimeControl "180+2"]
[Date "2023.07.18"]
[WhiteClock "0:00:56"]
[BlackClock "0:00:03"]
[Board "168"]

1. Nf3 Nf6 2. c4 c5 3. Nc3 Nc6 4. d4 Nxd4 5. Nxd4 cxd4 6. Qxd4 a6 7. g3 e6 8. Bg2 Qc7 9. O-O Qc5 10. Qd3 Be7 11. Bf4 O-O 12. Rad1 d6 13. Bxd6 Bxd6 14. Qxd6 Qxc4 15. Rd4 Qxd4 16. Qxd4 Bd7 17. Bxb7 Rab8 18. Bxa6 Rxb2 19. Ne4 Rxa2 20. Nxf6+ gxf6 21. Bc4 Ra4 22. Qxd7 Rxc4 23. Rd1 Kg7 24. Rd4 Rxd4 25. Qxd4 Rc8 26. Qg4+ Kf8 27. Kg2 Rc5 28. h4 Re5 29. e3 h5 30. Qd4 Kg7 31. Qd1 Rd5 32. Qe2 Re5 33. Kf1 Rd5 34. Qf3 Re5 35. Ke2 Rf5 36. Qa8 Rd5 37. Qa4 Re5 38. g4 hxg4 39. Qxg4+ Kh7 40. f4 Rf5 41. Kf3 Ra5 42. h5 Rf5 43. Qh4 Kg7 44. h6+ Kh7 45. e4 Ra5 46. Qxf6 Ra3+ 47. Kg4 Rg3+ 48. Kxg3 Kg8 49. Qg7# 1-0


[Site "https://www.chess.com"]